 Dungeon Crawl Stone Soup version 0.31.0-11-ge490571c62 (webtiles) character file.

Game seed: 14430060509559053873

122 Gadfly the Ruffian (level 4, 0/33 HPs)
             Began as a Demonspawn Shapeshifter on Jan 27, 2024.
             Slain by a gnoll
             ... wielding a +0 club
              (4 damage)
             ... on level 3 of the Dungeon.
             The game lasted 00:02:45 (2113 turns).

Gadfly the Ruffian (Demonspawn Shapeshifter)        Turns: 2113, Time: 00:02:45

Health: 0/33       AC:  2    Str: 16    XL:     4   Next: 78%
Magic:  4/4        EV: 12    Int: 11    God:
Gold:   105        SH:  0    Dex: 12    Spells: 3/3 levels left

rFire   . .          .
                       - Unarmed
rCold   . . .        (no shield)
rNeg    + . .        a - +0 animal skin
rPois   .            (helmet currently unavailable)
rElec   .            (cloak currently unavailable)
rCorr   .            (gloves currently unavailable)
SInv    .            (boots currently unavailable)
Will    +....        (no amulet)
Stlth   +            h - ring of positive energy
HPRegen 0.25/turn    (no ring)
MPRegen 0.09/turn

%: no passive effects
@: beast-form, enlightened, flying
A: beast (slay +1), spiny 1
a: Begin Untransformation


You were on level 3 of the Dungeon.
You were a hulking beast.
You visited 1 branch of the dungeon, and saw 3 of its levels.

You collected 105 gold pieces.

Inventory:

Hand Weapons
 i - a +1 short sword of speed
Armour
 a - a +0 animal skin (worn)
Jewellery
 h - a ring of positive energy (left hand)
Talismans
 c - a beast talisman
 d - a flux talisman
Scrolls
 e - 2 scrolls of revelation
 f - 2 scrolls of enchant armour
 g - 2 scrolls of identify
 k - a scroll of fear {unknown}
 l - 2 scrolls of teleportation {unknown}
Potions
 b - a potion of lignification
 j - 2 potions of mutation


   Skills:
 + Level 1.9 Fighting
 * Level 2.9 Dodging
 + Level 3.1 Unarmed Combat
 * Level 2.1 Evocations
 + Level 3.0 Shapeshifting


You had 3 spell levels left.
You didn't know any spells.
Your spell library contained the following spells:

 Spells                   Type           Power      Damage    Failure   Level
 Necrotise                Necr           0%         1d4       34%         1
 Dazzling Flash           Conj/Hex       0%         N/A       71%         3
 Freezing Cloud           Conj/Ice/Air   0%         6-21      100%        5


Dungeon Overview and Level Annotations

Branches:
Dungeon (3/15)

Altars:
Ashenzari
Gozag
Kikubaaqudgha
Nemelex Xobeh
Sif Muna
Vehumet

Shops:
D:1 ((=


Innate Abilities, Weirdness & Mutations

You are a hulking beast.
Your limbs bulge with bestial killing power. (Slay +1)
You are partially covered in sharp spines.


Message History

The gnoll is almost dead.
The gnoll hits you with a +0 club.
You hit the gnoll.
You kill the gnoll!
You hit the gnoll.
The gnoll is lightly wounded.
The gnoll hits you with a +0 club.
The gnoll hits you from afar with a +1 heavy spear!
You are too injured to fight recklessly!
You are too injured to fight recklessly!
You are too injured to fight recklessly!
You are too injured to fight recklessly!
You are too injured to fight recklessly!
You are too injured to fight recklessly!
You are too injured to fight recklessly!
You are too injured to fight recklessly!
You are too injured to fight recklessly!
You are too injured to fight recklessly!
You are too injured to fight recklessly!
You are too injured to fight recklessly!
You are too injured to fight recklessly!
You are too injured to fight recklessly!
You are too injured to fight recklessly!
You are too injured to fight recklessly!
Unknown command.
A frilled lizard comes into view.
The gnoll attacks as it pursues you! The gnoll hits you with a +0 club!
* * * LOW HITPOINT WARNING * * *
The gnoll attacks as it pursues you! The gnoll is struck by your spines.
The gnoll closely misses you. The gnoll attacks as it pursues you!
The gnoll hits you with a +0 club.
* * * LOW HITPOINT WARNING * * *
The gnoll attacks as it pursues you! The gnoll misses you.
The gnoll attacks as it pursues you! The gnoll hits you with a +0 club.
* * * LOW HITPOINT WARNING * * *
It was a potion of enlightenment.
You feel very buoyant.
You fly up into the air.
The gnoll closely misses you. The gnoll attacks as it pursues you!
The gnoll hits you with a +0 club.
You die...

#.#.#...................#
#.#.#..~...#.#####......#
#.#.#.#....#.........#..#
#.#.#.#....#..####.#.#..#######
#.....######..#....#.#........
#.............#.##.#<#.####.#
#.#.#########.#.#...........# ###
#.#.# #.#.###....##...# #..
#...#########.#gh...._.##_..# #.#
#............g..###.#####...###.#
#.###########.#.# #.#######..##.#
..#...........#.###...#####.....#
#.#.#########.#......_##._...##.#
#.#.###########.##....##....###.#
..#.............##..........# #..
###############.##....<###### ###
##########


You could see 2 gnolls.

Vanquished Creatures
  A gnoll (D:3)
  6 adders
  A ribbon worm (D:2)
  2 orcs
  2 bats (D:2)
  10 endoplasms
  2 giant cockroaches (D:1)
  5 goblins
  5 hobgoblins
  3 jackals (D:1)
  4 kobolds
  A quokka (D:1)
  A ball python (D:1)
  2 frilled lizards (D:1)
  6 rats
51 creatures vanquished.

Notes
Turn   | Place    | Note
-------+----------+-------------------------------------------
     0 | D:1      | Gadfly the Demonspawn Shapeshifter began the quest for the
                  | Orb.
     0 | D:1      | Reached XP level 1. HP: 15/15 MP: 1/1
   225 | D:1      | Gained mutation: You are partially covered in sharp spines.
                  | [demonic ancestry]
   225 | D:1      | Reached XP level 2. HP: 20/21 MP: 2/2
   278 | D:1      | Found Ycsoo's Antique Weapon Emporium.
   395 | D:1      | Found Onkec's Jewellery Boutique.
   483 | D:1      | Reached skill level 1 in Evocations
   622 | D:1      | Reached XP level 3. HP: 24/26 MP: 3/3
   634 | D:1      | Found Utunoc's Weapon Boutique.
   982 | D:2      | Found a faded altar of an unknown god.
  1460 | D:2      | Reached XP level 4. HP: 24/32 MP: 4/4
  1667 | D:3      | Found an opulent altar of Gozag.
  1667 | D:3      | Found a broken altar of Ashenzari.
  1671 | D:3      | Found a sparkling altar of Nemelex Xobeh.
  1879 | D:3      | Found an ancient bone altar of Kikubaaqudgha.
  1879 | D:3      | Found a shimmering blue altar of Sif Muna.
  1883 | D:3      | Found a radiant altar of Vehumet.
  1886 | D:3      | Got Kikubaaqudgha's Lectures on Abominable Deeds
  2055 | D:3      | Got the Excursus on Conjuring
  2100 | D:3      | HP: 1/33 [gnoll/+0 club (6)]
  2113 | D:3      | Slain by a gnoll

Illustrated notes

Levels and vault maps discovered:
D:1:      minmay_arrival_five_plusses, layout_basic, serial_shops,
          nicolae_shop_just_a_little_nook, nicolae_square_shop, shop,
          st_stairs_4
D:2:      layout_basic, dreamdust_ecumenical_altar_grove
D:3:      minmay_wonky_spiral, layout_basic,
          grunt_temple_overflow_magic_moments,
          nicolae_overflow_macrodata_refinement, chequers_serial_rivers_micro_e,
          minivault_14, st_stairs_13, grunt_ministairs_12,
          dreamdust_princess_bridge, mrwooster_statue_mirror

Skill      XL: |  1  2  3  4 |
---------------+-------------+-----
Dodging        | 2 |  2.9
Evocations     | 1 2 |  2.1
Unarmed Combat | 3 |  3.1
Shapeshifting  | 3 |  3.0
Fighting       | |  1.9

Action                     |  1- 3 |  4- 6 || total
---------------------------+-------+-------++-------
  Melee: Unarmed           |    92 |    35 ||   127
         Punch             |     1 |       ||     1
    Use: Scroll            |     5 |     2 ||     7
         Potion            |     2 |     1 ||     3
 Armour: Animal skin       |    40 |    22 ||    62
         Skin              |     3 |       ||     3
  Dodge: Dodged            |    37 |    19 ||    56
